Map: Dusk Towers

Players

capac - Winner!

  • Race: Terran Terran
  • League: Gold

DaBigBoss

  • Race: Protoss Protoss
  • League: Gold

VOD

Have the link to the VOD?

Description

Time

  • Played on: March 6, 2016, 3:35 p.m.
  • Length: 7:52
Show
View Real Time Build Order
Export as new Build Order

capac Terran - Winner!

Build Orders:  

Get SALT Encoding   

  12  0:02  SCV  
  13  0:14  SCV  
  14  0:18  Supply Depot  
  14  0:26  SCV  
  15  0:40  SCV  
  15  0:42  Barracks  
  16  0:46  Refinery  
  16  0:52  SCV  
  17  1:04  SCV  
  18  1:16  SCV  
  19  1:28  SCV  
  20  1:34  Reaper  
  20  1:39  Command Center  
  21  1:40  SCV  
  21  1:46  Supply Depot  
  22  1:52  SCV  
  23  2:06  Orbital Command  
  23  2:11  Barracks  
  23  2:13  Barracks Reactor  
  23  2:35  Refinery, Factory, SCV  
  24  2:54  Marine  
  24  2:55  Marine  
  26  2:58  Bunker  
  26  3:02  Marine  
  27  3:09  SCV  
  27  3:10  Orbital Command  
  27  3:27  Marine x2  
  28  3:39  Marine  
  29  3:50  Factory Tech Lab  
  29  3:52  Starport  
  29  3:53  SCV x2  
  31  4:03  Barracks  
  31  4:05  Marine x3  
  34  4:10  SCV x2  
  34  4:12  Siege Tank  
  39  4:21  Supply Depot  
  39  4:22  SCV x2  
  41  4:24  Barracks Tech Lab  
  41  4:29  Marine x2  
  43  4:35  Starport Reactor  
  43  4:36  SCV x2  
  45  4:39  Refinery  
  45  4:44  Supply Depot  
  45  4:49  Marine  
  45  4:50  Marine  
  45  4:51  Barracks Reactor  
  47  4:58  Siege Tank  
  47  4:59  Refinery  
  50  5:09  SCV x2  
  50  5:10  Medivac  
  50  5:11  Medivac  
  56  5:14  Supply Depot  
  56  5:17  Marine x3  
  59  5:22  Stimpack  
  59  5:28  Marine  
  59  5:29  Marine  
  59  5:34  SCV  
  62  5:36  SCV  
  62  5:40  Supply Depot  
  63  5:43  Medivac  
  63  5:44  Medivac  
  67  6:01  Marine x3  
  70  6:07  Supply Depot  
  70  6:09  Marine x2, Siege Tank  
  75  6:16  Supply Depot  
  75  6:19  Marine  
  76  6:26  Marine x2  
  76  6:31  Supply Depot  
  78  6:33  Marine x2  
  78  6:35  Viking x2  
  78  6:37  Marine  
  85  6:44  Bunker  
  85  7:07  Viking x2  
  85  7:08  Siege Tank  
Show
View Real Time Build Order
Export as new Build Order

DaBigBoss Protoss 

Build Orders:  

Get SALT Encoding   

  12  0:01  Probe (Chrono Boost)  
  13  0:11  Probe (Chrono Boost)  
  14  0:18  Pylon  
  14  0:22  Probe (Chrono Boost)  
  15  0:36  Probe (Chrono Boost), Gateway  
  16  0:47  Probe (Chrono Boost)  
  16  0:49  Assimilator  
  17  0:53  Assimilator  
  17  0:57  Probe (Chrono Boost)  
  18  1:08  Probe (Chrono Boost)  
  19  1:14  Gateway  
  19  1:18  Probe (Chrono Boost)  
  19  1:25  Cybernetics Core  
  20  1:37  Probe (Chrono Boost)  
  21  1:42  Pylon  
  21  1:50  Probe (Chrono Boost)  
  22  2:01  Adept x2  
  26  2:02  Warp Gate (Chrono Boost)  
  26  2:04  Probe  
  26  2:08  Pylon  
  27  2:28  Stalker x2  
  31  2:33  Mothership Core  
  33  2:54  Probe  
  34  3:11  Nexus  
  34  3:13  Pylon  
  32  3:46  Robotics Facility  
  32  3:53  Gateway  
  32  3:55  Probe  
  33  4:01  Adept  
  33  4:02  Adept  
  37  4:05  Stargate  
  37  4:07  Probe  
  38  4:19  Probe  
  39  4:26  Probe  
  40  4:34  Probe, Assimilator  
  40  4:37  Probe  
  41  4:40  Immortal (Chrono Boost)  
  46  4:53  Void Ray (Chrono Boost)  
  50  5:01  Adept  
  50  5:04  Adept  
  50  5:06  Probe  
  55  5:07  Probe  
  56  5:14  Adept  
  56  5:17  Observer (Chrono Boost)  
  59  5:23  Probe  
  59  5:26  Probe  
  61  5:39  Pylon  
  59  5:50  Void Ray  
  57  6:02  Stalker x3  
  61  6:10  Immortal (Chrono Boost)  
  65  6:26  Adept x2  
  65  6:32  Pylon  
  69  6:47  Pylon  
  69  6:50  Void Ray  
  65  7:26  Stalker x3  
Tags
 
Add a new tag
Caveats
  • Supply blocks, unpowered buildings, or Contaminate may cause inaccurate times.
  • Supply counts are checked every 10 seconds.